 Dungeon Crawl Stone Soup version 0.26-a0-291-g3d11bbfad5 (webtiles) character file.

Game seed: 2906981740856889292

3255 BritishOli the Slasher (level 9, 15/69 HPs)
             Began as a Demonspawn Fighter on July 14, 2020.
             Was a Priest of Okawaru.
             Quit the game on level 8 of the Dungeon.
             The game lasted 00:10:32 (8347 turns).

BritishOli the Slasher (Demonspawn Fighter)         Turns: 8347, Time: 00:10:32

Health: 15/69      AC: 20    Str: 21    XL:     9   Next: 67%
Magic:  9/9        EV:  9    Int:  9    God:    Okawaru [***...]
Gold:   487        SH: 11    Dex: 12    Spells: 8/8 levels left

rFire    . . .     SeeInvis .   w - +1 long sword (elec)
rCold    . . .     Faith    .   c - +0 kite shield
rNeg     . . .     Spirit   .   i - +0 plate armour
rPois    .         Reflect  .   (no helmet)
rElec    .         Harm     .   (no cloak)
rCorr    .                      e - +0 pair of gloves
MR       +....                  (no boots)
Stlth    ..........             (no amulet)
HPRegen  0.21/turn              l - +4 ring of evasion
MPRegen  0.11/turn              B - ring of protection from magic

@: sanguine armour
A: talons 1, nightstalker 1, sanguine armour 1
a: Heroism, Renounce Religion


You were on level 8 of the Dungeon.
You worshipped Okawaru.
Okawaru was most pleased with you.
You visited 2 branches of the dungeon, and saw 9 of its levels.

You collected 567 gold pieces.
You spent 80 gold pieces at shops.

Inventory:

Hand Weapons
 w - a +1 long sword of electrocution (weapon)
Armour
 c - a +0 kite shield (worn)
 e - a +0 pair of gloves (worn)
 i - a +0 plate armour (worn)
Jewellery
 l - a +4 ring of evasion (left hand)
 B - a ring of protection from magic (right hand)
 D - an uncursed ring of protection from magic
 H - a +6 ring of strength {unknown}
Wands
 b - a wand of digging (5)
 f - a wand of enslavement (9)
 E - a wand of disintegration (11)
 F - a wand of random effects (16)
 G - a wand of paralysis (6)
Scrolls
 g - 6 scrolls of identify
 j - 6 scrolls of teleportation
 n - 3 scrolls of amnesia
 o - a scroll of fog
 u - a scroll of enchant armour
 x - 2 scrolls of remove curse
 y - a scroll of enchant weapon {unknown}
 A - 2 scrolls of blinking
Potions
 d - 2 potions of might
 h - 2 potions of ambrosia {unknown}
 k - 4 potions of stabbing
 m - a potion of resistance {unknown}
 p - a potion of cancellation {unknown}
 r - 2 potions of brilliance {unknown}
 s - 3 potions of curing
 t - a potion of flight {unknown}
 v - a potion of mutation {unknown}
 z - 2 potions of lignification {unknown}


   Skills:
 + Level 5.6 Fighting
 + Level 7.8 Long Blades
 + Level 6.2 Armour
 + Level 1.4 Dodging
 + Level 1.0 Stealth
 + Level 7.1 Shields


You had 8 spell levels left.
You didn't know any spells.
Your spell library contained the following spells:

 Spells                   Type           Power        Failure   Level
 Animate Skeleton         Necr           #.....       100%        1
 Pain                     Necr           #...         100%        1
 Vampiric Draining        Necr           #.........   100%        3
 Animate Dead             Necr           #.........   100%        4
 Agony                    Necr           #.......     100%        5


Dungeon Overview and Level Annotations

Branches:
Dungeon (8/15)             Temple (1/1) D:5
   Lair: D:8-11

Altars:
Ashenzari
Cheibriados
Dithmenos
Elyvilon
Fedhas
Gozag
Hepliaklqana
Kikubaaqudgha
Makhleb
Nemelex Xobeh
Okawaru
Qazlal
Ru
Sif Muna
Trog
Uskayaw
Vehumet
Wu Jian
Xom
Yredelemnul
Zin
Beogh

Shops:
D:5 !

Annotations:
D:3 3 runed translucent doors, hemabe71's ghost, amateur HuAr


Innate Abilities, Weirdness & Mutations

You have sharp toenails.
You are slightly more attuned to the shadows.
When seriously injured, your bleeding wounds create armour. (AC +6)


Message History

You hit the ogre.
The ogre is almost dead.
The ogre barely misses you.
You riposte.
You hit the ogre.
You kill the ogre!
Okawaru accepts your kill.
Your Shields skill increases to level 7!
The kobold shoots a bolt.
The bolt hits you but does no damage.
The kobold unwields a +0 hand crossbow.
The kobold wields a +0 short sword.
The kobold hits you but does no damage.
Items here: )) †† a +0 giant club; a +0 whip; an ogre corpse; a kobold corpse Your shield and plate armour prevent you from hitting the kobold.
You completely miss the kobold. You claw the kobold.
You kill the kobold!
Okawaru accepts your kill.
Things that are here:
a +0 short sword; a +0 hand crossbow; 20 bolts
Things that are here:
a +0 short sword; a +0 hand crossbow; 20 bolts Are you sure you want to abandon this character and quit the game? (Confirm with "yes".)

#.........# ...##
###.....#.## ....
##........ ....
#..#...### .##
#######..#.#.###..
...........#.....
#..#####.......
.#..#####.#.#.###...
......()@....)......
....#####..##.......
.# #...#.###?.#
#.#.#.# .# #.#.#.#
#.....# ####..#


There were no monsters in sight!

Vanquished Creatures
  Erica (D:8)
  Pikel (D:7)
  An ice beast (D:7)
  2 orc warriors
  A sky beast (D:7)
  A black bear (D:6)
  3 ogres
  A lemure (D:7)
  A big kobold (D:8)
  A bullfrog (D:6)
  A scorpion (D:6)
  2 howler monkeys
  3 hounds
  5 orc priests
  A jelly (D:7)
  2 bullfrog skeletons
  6 orc wizards
  4 iguanas
  11 worker ants
  A killer bee zombie (D:7)
  A hound skeleton (D:8)
  2 worker ant zombies
  7 adders
  3 gnolls (D:3)
  3 white imps
  An ufetubus (D:6)
  7 oozes
  An adder zombie (D:7)
  An adder skeleton (D:4)
  A worm (D:2)
  3 dart slugs
  3 leopard geckos
  21 orcs
  7 bats
  4 giant cockroaches
  4 goblins
  6 hobgoblins
  13 jackals
  8 quokkas
  A ball python (D:6)
  2 frilled lizards
  8 kobolds
  2 leopard gecko skeletons
  A quokka skeleton (D:4)
  A quokka zombie (D:5)
  5 rats
165 creatures vanquished.

Vanquished Creatures (others)
  An orc wizard (D:4)
1 creature vanquished.

Grand Total: 166 creatures vanquished

Notes
Turn   | Place    | Note
-------+----------+-------------------------------------------
     0 | D:1      | BritishOli the Demonspawn Fighter began the quest for the
                  | Orb.
     0 | D:1      | Reached XP level 1. HP: 18/18 MP: 1/1
   293 | D:1      | Gained mutation: When seriously injured, your bleeding
                  | wounds create armour. (AC +6) [demonic ancestry]
   293 | D:1      | Reached XP level 2. HP: 24/24 MP: 2/2
  1442 | D:1      | Reached XP level 3. HP: 5/29 MP: 3/3
  1900 | D:2      | Reached skill level 1 in Dodging
  2092 | D:2      | Gained mutation: You have sharp toenails. [demonic
                  | ancestry]
  2092 | D:2      | Reached XP level 4. HP: 32/35 MP: 4/4
  2762 | D:3      | Reached XP level 5. HP: 24/41 MP: 5/5
  3512 | D:3      | Found a runed translucent gate.
  3512 | D:3      | Noticed hemabe71's ghost (amateur HuAr)
  3513 | D:3      | Found a runed translucent gate.
  3513 | D:3      | Identified the +1 ring mail of Melancholy {+Blink rElec MR-
                  | Int-5}
  3520 | D:3      | Found a runed translucent gate.
  3554 | D:3      | Found a white marble altar of Elyvilon.
  3840 | D:3      | Found a roughly hewn altar of Beogh.
  3870 | D:4      | Noticed an ogre
  3875 | D:4      | Killed an ogre
  3875 | D:4      | Reached XP level 6. HP: 45/48 MP: 6/6
  4220 | D:4      | Gained mutation: You are slightly more attuned to the
                  | shadows. [demonic ancestry]
  4220 | D:4      | Reached XP level 7. HP: 42/54 MP: 7/7
  4871 | D:5      | Entered Level 5 of the Dungeon
  5223 | D:5      | Found Munuth's Distillery.
  5228 | D:5      | Bought a potion of curing for 30 gold pieces
  5228 | D:5      | Bought a potion of heal wounds for 50 gold pieces
  5339 | D:5      | Found a staircase to the Ecumenical Temple.
  5375 | Temple   | Entered the Ecumenical Temple
  5636 | Temple   | Became a worshipper of Warmaster Okawaru
  6154 | D:6      | Found a blossoming altar of Fedhas.
  6205 | D:6      | Reached skill level 5 in Long Blades
  6277 | D:6      | Reached skill level 5 in Shields
  6833 | D:6      | Reached XP level 8. HP: 57/61 MP: 8/8
  6843 | D:6      | Reached * piety under Okawaru
  6853 | D:6      | Reached skill level 5 in Armour
  7397 | D:7      | Found a hide-covered altar of Uskayaw.
  7397 | D:7      | Noticed a +0 hand axe
  7397 | D:7      | Noticed a +0 dagger
  7667 | D:7      | Reached ** piety under Okawaru
  7749 | D:7      | Noticed Pikel
  7761 | D:7      | Paralysed by Pikel for 2 turns
  7767 | D:7      | Killed Pikel
  7767 | D:7      | Reached skill level 5 in Fighting
  7767 | D:7      | Reached XP level 9. HP: 32/68 MP: 9/9
  8298 | D:8      | Noticed Erica
  8315 | D:8      | HP: 3/68 [poisoned by Erica (bolt of poison)]
  8317 | D:8      | Killed Erica
  8317 | D:8      | Reached *** piety under Okawaru
  8317 | D:8      | Reached skill level 1 in Stealth
  8347 | D:8      | Quit the game

Illustrated notes

Levels and vault maps discovered:
D:1:      dpeg_arrival_lava_temple_mockup, layout_basic
D:2:      layout_loops_ring
D:3:      layout_loops_cross, elyvilon_altar_5, biasface_ghost_orc_armoury,
          item_on_display_a
D:4:      layout_loops_ring, corexii_item_surrounded_by_moat,
          kennysheep_generic_room_2
D:5:      layout_basic, minmay_temple_entry_drinking_statues, serial_shops,
          kennysheep_little_box
D:6:      layout_basic, fedhas_altar_3, hangedman_minor_gate_pass
D:7:      minmay_general_purpose_star, layout_loops_ring,
          dancing_weapons_uskayaw, uniq_pikel
D:8:      layout_basic, tso_metal_star, lair_entry_dummy, serial_shops, shop,
          grunt_ministairs_9, uniq_erica, uniq_maurice
Temple:   dpeg_five_rooms_temple

Skill      XL: |  1  2  3  4  5  6  7  8  9 |
---------------+----------------------------+-----
Armour         | 3 4 5 6 |  6.2
Long Blades    | 2 3 4 5 7 |  7.8
Dodging        | 1 |  1.4
Shields        | 3 4 5 6 7 |  7.1
Fighting       | 4 5 |  5.6
Stealth        | 1 |  1.0

Action                   |  1- 3 |  4- 6 |  7- 9 || total
-------------------------+-------+-------+-------++-------
Melee: Long sword        |   112 |   226 |   349 ||   687
       Kick              |       |    60 |    99 ||   159
  Use: Scroll            |       |       |    10 ||    10
       Potion            |       |       |     2 ||     2
Armor: Scale mail        |    52 |       |       ||    52
       Plate armour      |    23 |   146 |   133 ||   302
Dodge: Dodged            |    37 |    57 |   103 ||   197
Block: Kite shield       |    59 |   122 |   188 ||   369
       Rpst.: Long sword |    14 |    19 |    37 ||    70

Table legend:
 A = Non-vault XP
 B = Vault XP
 C = Vault XP percentage of total XP
 D = Non-vault monster count
 E = Vault monster count
 F = Vault count percentage of total count
                 A         B        C        D         E       F
            +---------+---------+-------+---------+---------+-------
      Total |    2757 |    1894 |  40.7 |     156 |       8 |   4.9
            +---------+---------+-------+---------+---------+-------
        D:1 |      41 |       0 |   0.0 |      17 |       0 |   0.0
        D:2 |     123 |       0 |   0.0 |      26 |       0 |   0.0
        D:3 |     166 |       0 |   0.0 |      25 |       0 |   0.0
        D:4 |     517 |      37 |   6.7 |      23 |       1 |   4.2
        D:5 |     208 |       0 |   0.0 |      10 |       0 |   0.0
        D:6 |     784 |     130 |  14.2 |      30 |       3 |   9.1
        D:7 |     655 |     804 |  55.1 |      18 |       3 |  14.3
        D:8 |     263 |     923 |  77.8 |       7 |       1 |  12.5
            +---------+---------+-------+---------+---------+-------
